 Dungeon Crawl Stone Soup version 0.31.0-32-g396128a36d (webtiles) character file.

Game seed: 10723428995357828740

5782 Cheops the Mimic (level 10, -6/52 HPs)
             Began as an Octopode Shapeshifter on Mar 23, 2024.
             Was a Priest of Wu Jian.
             Mangled by a wyvern (8 damage)
             ... while paralysed by a hornet
             ... on level 9 of the Dungeon.
             The game lasted 00:25:48 (7391 turns).

Cheops the Mimic (Octopode Shapeshifter)            Turns: 7391, Time: 00:25:49

Health: -6/52      AC:  5    Str: 17    XL:     10   Next: 78%
Magic:  14/14      EV:  2    Int: 18    God:    Wu Jian [***...]
Gold:   499        SH:  0    Dex: 11    Spells: 6/15 levels left

rFire   . .          .
                       - Unarmed
rCold   . . .        (shield currently unavailable)
rNeg    . . .        (helmet restricted)
rPois   .            H - amulet of reflection
rElec   .            F - ring of see invisible
rCorr   .            G - +4 ring of protection
SInv    +            D - +6 ring of intelligence
Will    .....        E - ring of wizardry
Stlth   +            (no ring)
HPRegen 0.28/turn    (no ring)
MPRegen 0.14/turn    (no ring)
                     (no ring)

%: reflection, wizardry (x1)
@: paralysed, lethally poisoned (-6 -> -20), flux-form, slowed, glowing
A: glow, contaminating, almost no armour, amphibious, 8 rings, camouflage 1,
gelatinous body 1, (nimble swimmer 1), tentacles, clumsy 1, frail 1, noise
suppression
a: Begin Untransformation, Renounce Religion, Wall Jump, Serpent's Lash


You were on level 9 of the Dungeon.
You worshipped Wu Jian.
Wu Jian was most pleased with you.
You were something dangerously unstable.
You visited 2 branches of the dungeon, and saw 10 of its levels.

You collected 499 gold pieces.

Inventory:

Jewellery
 b - a ring of ice
 D - a +6 ring of intelligence (on tentacle)
 E - a ring of wizardry (on tentacle)
 F - a ring of see invisible (left tentacle)
 G - a +4 ring of protection (right tentacle)
 H - an amulet of reflection (around mantle)
 I - the amulet "Hulasho" {rElec Regen+ Int-4 Dex+3 SInv Stlth+}
   (You found it on level 3 of the Dungeon)

   [amulet of regeneration]

   Int-4:     It affects your intelligence (-4).
   Dex+3:     It affects your dexterity (+3).
   rElec:     It insulates you from electricity.
   SInv:      It lets you see invisible.
   Regen+:    It increases your rate of health regeneration.
   Stlth+:    It makes you more stealthy.
Talismans
 A - a beast talisman
 B - a flux talisman (active)
 C - a serpent talisman
Wands
 t - a wand of mindburst (5)
 w - a wand of paralysis (12)
Scrolls
 f - a scroll of butterflies
 k - a scroll of fear
 l - a scroll of vulnerability
 o - a scroll of amnesia
 q - 2 scrolls of revelation
 v - a scroll of brand weapon
Potions
 a - a potion of lignification
 i - a potion of cancellation
 j - a potion of might
 s - a potion of mutation


   Skills:
 - Level 1.0 Fighting
 - Level 2.0 Dodging
 * Level 9.4 Unarmed Combat
 - Level 3.1 Spellcasting
 - Level 4.0 Summonings
 - Level 4.0 Air Magic
 - Level 4.0 Earth Magic
 - Level 10.0 Shapeshifting


You had 6 spell levels left.
You knew the following spells:

 Your Spells              Type           Power      Damage    Failure   Level
c - Call Canine Familiar  Summ           17%        N/A       4%          3
p - Passwall              Erth           17%        N/A       4%          3
s - Swiftness             Air            17%        N/A       4%          3

Your spell library contained the following spells:

 Spells                   Type           Power      Damage    Failure   Level
 Ensorcelled Hibernation  Hex/Ice        4%         N/A       10%         2
 Dazzling Flash           Conj/Hex       4%         N/A       19%         3
 Sigil of Binding         Hex            2%         N/A       19%         3
 Volatile Blastmotes      Fire/Tloc      4%         2d10      19%         3
 Animate Dead             Necr           2%         N/A       52%         4
 Dimensional Bullseye     Hex/Tloc       1%         N/A       52%         4
 Borgnjor's Vile Clutch   Necr/Erth      5%         N/A       58%         5
 Death Channel            Necr           1%         N/A       100%        6
 Starburst                Conj/Fire      1%         6d3       100%        6
 Maxwell's Capacitive Co  Air            8%         ∞         100%        8


Dungeon Overview and Level Annotations

Branches:
Dungeon (9/15)             Temple (1/1) D:4            Lair (0/5) D:9
    Orc: D:9-12

Altars:
Ashenzari
Cheibriados
Dithmenos
Elyvilon
Fedhas
Hepliaklqana
Kikubaaqudgha
Nemelex Xobeh
Okawaru
Qazlal
Ru
Trog
Uskayaw
Vehumet
Wu Jian
Xom
Yredelemnul
Zin
The Shining One


Innate Abilities, Weirdness & Mutations

You are something dangerously unstable.
You glow with magical radiation, making you easy to see and hit.
Foes you strike become dangerously contaminated with magical radiation.
You are incapable of wielding weapons or throwing items.
You cannot wear most types of armour.
You are amphibious.
You can wear up to eight rings at the same time.
Your skin changes colour to match your surroundings (Stealth+).
Your rubbery body absorbs attacks. (AC +1, EV +1)
((You are camouflaged when in or above water. (Stealth+)))
You have tentacles for arms and can constrict up to eight enemies at once.
You are clumsy. (Dex -2)
You are frail. (-10% HP)
You passively dampen the noise of your surroundings.


Message History

Your squeeze misses the hornet.
The hornet is moderately wounded.
The hornet stings you!
You feel yourself slow down. The hornet misses you.
You tentacle-slap the hornet.
The hornet glows dangerously bright.
Your grab misses the hornet.
The hornet is moderately wounded.
The wyvern closely misses you.
The hornet stings you but does no damage.
The wyvern barely misses you.
Unknown command.
Unknown command.
You tentacle-slap the wyvern.
The wyvern begins to glow.
Your squeeze misses the wyvern.
The wyvern is lightly wounded.
You feel yourself speed up. The hornet barely misses you.
The wyvern barely misses you. The hornet completely misses you.
The wyvern bites you!
You tentacle-slap the wyvern.
The wyvern glows dangerously bright.
The wyvern is moderately wounded.
The hornet stings you.
* * * LOW HITPOINT WARNING * * *
You feel yourself slow down. The wyvern closely misses you.
Unknown command.
Unknown command.
You tentacle-slap the hornet.
The hornet shudders as magic cascades through it!
The hornet twists and deforms.
You grab the hornet.
The hornet is severely wounded.
You feel yourself speed up.
You constrict the hornet. The hornet stings you.
* * * LOW HITPOINT WARNING * * *
You are poisoned.
You suddenly lose the ability to move!
You lose your grip on the hornet.
The wyvern bites you!
* * * LOW HITPOINT WARNING * * *
The hornet stings you!
* * * LOW HITPOINT WARNING * * *
You are more poisoned.
You feel yourself slow down. The wyvern bites you!
You die...

... #.......>♣.....
...#.............♣
.'......♣....♣..
#P.......P.... #
#......P...P.. #.#######
##...........#
........####†.........#
......k.#...[##..P..###
......yp'.#######..##
........#.# #.......####
........#.# #..........#
........#...........##..
........#####.......####
######### ####.#### #.
.. #.#


You could see a hornet (misshapen) and a wyvern (heavy contam).

Vanquished Creatures
  A queen bee (D:9)
  A hornet (D:9)
  A wyvern (D:7)
  12 yaks
  Eustachio (D:6)
  A basilisk (D:9)
  A steam dragon (D:6)
  An acid dragon (D:9)
  A water moccasin (D:9)
  2 sky beasts
  2 black bears
  3 centaurs
  Blork the orc (D:6)
  A bullfrog (D:8)
  A gnoll sergeant (D:7)
  2 scorpions (D:5)
  4 wights (D:7)
  20 killer bees
  3 howler monkeys
  5 hounds
  3 orc priests
  A bombardier beetle (D:4)
  2 jellies (D:5)
  A gnoll bouda (D:8)
  2 sleepcaps
  An iguana (D:5)
  3 orc wizards
  11 gnolls
  4 adders
  2 shadow imps
  A white imp (D:5)
  4 ufetubi
  2 dart slugs
  5 ribbon worms
  20 orcs
  4 ball pythons
  6 bats
  4 endoplasms
  A giant cockroach (D:3)
  12 goblins
  3 hobgoblins
  8 kobolds
  4 quokkas
  3 frilled lizards
  2 rats (D:3)
173 creatures vanquished.

Notes
Turn   | Place    | Note
-------+----------+-------------------------------------------
     0 | D:1      | Cheops the Octopode Shapeshifter began the quest for the
                  | Orb.
     0 | D:1      | Reached XP level 1. HP: 13/13 MP: 1/1
    73 | D:1      | Reached XP level 2. HP: 13/18 MP: 2/2
   209 | D:1      | Found a faded altar of an unknown god.
   481 | D:1      | Reached XP level 3. HP: 23/23 MP: 3/3
  1224 | D:2      | Reached XP level 4. HP: 27/28 MP: 4/4
  1321 | D:3      | Identified the amulet "Hulasho" {rElec Regen+ Int-4 Dex+3
                  | SInv Stlth+}
  1355 | D:3      | Reached skill level 5 in Unarmed Combat
  1692 | D:3      | Found an ornate altar of the Wu Jian Council.
  2111 | D:4      | Noticed a black bear
  2130 | D:4      | Killed a black bear
  2131 | D:4      | Reached skill level 4 in Shapeshifting
  2131 | D:4      | Reached XP level 5. HP: 22/33 MP: 5/5
  2168 | D:4      | Noticed a centaur
  2177 | D:4      | Killed a centaur
  2178 | D:4      | Reached skill level 5 in Shapeshifting
  2178 | D:4      | Reached XP level 6. HP: 23/38 MP: 6/6
  2203 | D:4      | Found a sparkling altar of Nemelex Xobeh.
  2248 | D:4      | Found a staircase to the Ecumenical Temple.
  2280 | Temple   | Entered the Ecumenical Temple
  2355 | D:3      | Became a worshipper of the Wu Jian Council
  2503 | D:4      | Found a shadowy altar of Dithmenos.
  2681 | D:4      | Learned a level 3 spell: Call Canine Familiar
  2690 | D:5      | Entered Level 5 of the Dungeon
  2883 | D:5      | Reached skill level 6 in Shapeshifting
  2883 | D:5      | Reached XP level 7. HP: 43/43 MP: 7/7
  3008 | D:5      | Found an iron altar of Okawaru.
  3060 | D:5      | Reached skill level 7 in Shapeshifting
  3061 | D:5      | Reached * piety under Wu Jian
  3427 | D:6      | Noticed a steam dragon
  3439 | D:6      | Killed a steam dragon
  3567 | D:6      | Reached skill level 1 in Summonings
  3567 | D:6      | Reached XP level 8. HP: 45/48 MP: 8/8
  3681 | D:6      | Noticed Blork the orc
  3685 | D:6      | Noticed Eustachio
  3687 | D:6      | Killed Blork the orc
  3699 | D:6      | Killed Eustachio
  3790 | D:6      | Reached skill level 8 in Shapeshifting
  4199 | D:7      | Reached skill level 1 in Spellcasting
  4360 | D:7      | Noticed a wyvern
  4378 | D:7      | Killed a wyvern
  4384 | D:7      | Learned a level 3 spell: Swiftness
  4467 | D:7      | Reached XP level 9. HP: 29/53 MP: 13/13
  4471 | D:7      | Reached skill level 1 in Air Magic
  5072 | D:8      | Reached skill level 9 in Shapeshifting
  5080 | D:8      | Reached ** piety under Wu Jian
  5659 | D:8      | Reached skill level 10 in Shapeshifting
  5690 | D:8      | Learned a level 3 spell: Passwall
  5932 | D:8      | Found a blossoming altar of Fedhas.
  5937 | D:8      | Reached XP level 10. HP: 58/58 MP: 14/14
  5940 | D:8      | Found a hazy altar of Hepliaklqana.
  5945 | D:8      | Found a glowing silver altar of Zin.
  6018 | D:9      | Reached skill level 1 in Earth Magic
  6440 | D:9      | Gained mutation: You are frail. (-10% HP) [potion of
                  | mutation]
  6440 | D:9      | Gained mutation: You are clumsy. (Dex -2) [potion of
                  | mutation]
  6440 | D:9      | Gained mutation: You passively dampen the noise of your
                  | surroundings. [potion of mutation]
  6460 | D:9      | HP: 2/78 [killer bee (7)]
  6931 | D:9      | Found a staircase to the Lair.
  7205 | D:9      | Reached *** piety under Wu Jian
  7391 | D:9      | Paralysed by a hornet for 2 turns
  7391 | D:9      | HP: 2/52 [hornet (7)]
  7391 | D:9      | Mangled by a wyvern

Illustrated notes

Levels and vault maps discovered:
D:1:      roderic_octagonal_star, layout_basic,
          shapermc_ecumenical_altar_hornbeckon, hangedman_decor_points
D:2:      layout_loops_cross
D:3:      layout_loops_ring, nicolae_wu_jian_wuxing_cycle,
          cheibrodos_sewer_entry_bend
D:4:      layout_cave_pools, grunt_dithmenos_smoke, old_standard_altar,
          minmay_temple_entry_butterflies, minmay_misc_feat_five
D:5:      layout_rooms, okawaru_trees_1
D:6:      layout_loops_ring, uniq_blork_the_orc, uniq_eustachio
D:7:      layout_gridville
D:8:      layout_basic, grunt_temple_overflow_diamond
D:9:      layout_roguey [special_room_bee], general_overflow_altar,
          lemuel_tele_altar, hellmonk_sif_muna_bookshelves,
          minmay_lair_entry_grove, nrook_uturn, corexii_leaking_fountain,
          hangedman_fish_farm
Temple:   minmay_temple_forest_path

Skill      XL: |  1  2  3  4  5  6  7  8  9 10 |
---------------+-------------------------------+-----
Unarmed Combat | 4 5 6 9 |  9.4
Shapeshifting  | 4 5 6 7 8 10 | 10.0
Summonings     | 1 4 |  4.0
Spellcasting   | 3 |  3.1
Air Magic      | 4 |  4.0
Earth Magic    | 4 |  4.0
Fighting       | |  1.0
Dodging        | |  2.0

Action                     |  1- 3 |  4- 6 |  7- 9 | 10-12 || total
---------------------------+-------+-------+-------+-------++-------
  Melee: Unarmed           |    68 |    69 |   250 |   126 ||   513
         Constrict         |    22 |    15 |    52 |    19 ||   108
         Tentacles         |    17 |    18 |    62 |     5 ||   102
         Punch             |     2 |     3 |     1 |       ||     6
   Cast: Call Canine Famil |       |       |       |     2 ||     2
         Swiftness         |       |       |       |     1 ||     1
Ability: Begin Untransform |     1 |       |       |       ||     1
         Lunge             |       |     3 |    22 |     2 ||    27
         Whirlwind         |       |       |       |     1 ||     1
  Evoke: Wand              |       |       |       |     2 ||     2
    Use: Scroll            |       |     4 |     2 |     6 ||    12
         Potion            |       |       |       |     8 ||     8
   Stab: Sleeping          |     5 |     7 |       |       ||    12
 Armour: Skin              |    24 |    34 |    97 |   124 ||   279
  Dodge: Dodged            |    33 |    46 |   110 |    72 ||   261
  Block: Other             |       |     2 |    41 |    42 ||    85
         Reflection        |       |       |     2 |     1 ||     3
   Form: Beast             |     1 |       |       |       ||     1
         Flux              |       |       |     1 |     2 ||     3
         Serpent           |       |       |     1 |     1 ||     2
